AoeStats
← xygogo

African Clearing

510480952Analyzed
3v3 RM · 2d ago on Oct 1, 2026· 26m 36s· 6 players
Game mode
Random Map
Map size
Normal (6 player)
Population
200
Speed
Normal
Resources
Standard
Victory
Conquest
Starting age
Dark Age
Ending age
Imperial Age
RankedLock teamsTeams togetherTeam positionsShared explorationLock speedFull tech treeHidden civsTurbo modeCheats
Victory
Defeat
🇦🇷 Spanish · Argentina
1390
+14
🇨🇳 Khmer · China
1381
+14
🇳🇨 Koreans · New Caledonia
1336
+16
🇨🇳 Mongols · China
1428
-19
🇨🇳 Turks · China
1328
-14
🇨🇳 Inca · China
1253
-11
Agus Talleres 2
10:28 Loom
12:13 Feudal Age
14:13 Fletching
17:11 Castle Age
16:24 Double-Bit Axe
SySeN_
11:18 Loom
13:03 Feudal Age
17:26 Castle Age
18:11 Fletching
18:09 Double-Bit Axe
24:37 Bodkin Arrow
2067
12:48 Feudal Age
15:42 Castle Age
13:39 Double-Bit Axe
15:11 Loom
18:23 Town Watch
Eiiisckhan
12:58 Feudal Age
11:16 Loom
13:40 Double-Bit Axe
15:27 Horse Collar
23:03 Castle Age
21:14 Fletching
23:17 Bloodlines
23:55 Wheelbarrow
大手
4:58 Loom
12:37 Feudal Age
17:58 Castle Age
26:24 Town Watch
xygogo
6:26 Loom
14:42 Feudal Age
16:12 Fletching
20:15 Castle Age
18:29 Double-Bit Axe
19:37 Horse Collar
21:38 Bodkin Arrow
22:20 Champi Runner
24:14 Squires
24:53 Wheelbarrow
24:14 Stone Mining
Connection lost

Rejoining the realm…

Still unreachable

The connection could not be restored.

Session expired

The server has moved on; the page needs a fresh start.